 Dungeon Crawl Stone Soup version 0.23.1 (webtiles) character file.

Game seed: 18099068423662548655

107 misha the Poker (level 4, -1/38 HPs)
             Began as a Merfolk Berserker on Mar 3, 2019.
             Was a Believer of Trog.
             Slain by an orc wizard
             ... wielding a cursed -1 dagger
              (2 damage)
             ... on level 3 of the Dungeon.
             The game lasted 00:06:43 (3553 turns).

misha the Poker (Merfolk Berserker)                 Turns: 3553, Time: 00:06:44

Health: -1/38      AC:  2    Str: 16 (18) XL:     4   Next: 86%
Magic:  4/4        EV: 12    Int:  9 (11) God:    Trog [**....]
Gold:   121        SH:  0    Dex: 10 (13) Spells: 3/3 levels left

rFire    . . .     SeeInvis .   a - +0 spear
rCold    . . .     Gourm    .   (no shield)
rNeg     . . .     Faith    .   b - +0 animal skin
rPois    .         Spirit   .   (no helmet)
rElec    .         Reflect  .   (no cloak)
rCorr    .         Harm     .   (no gloves)
MR       .....                  (no boots)
Stlth    +.........             (no amulet)
HPRegen  0.12/turn              (no ring)
MPRegen  0.09/turn              (no ring)

@: brilliant, berserk cooldown, slowed, very slow
A: change form in water, swift swim, stealthy swim
a: Berserk, Trog's Hand, Renounce Religion


You were on level 3 of the Dungeon.
You worshipped Trog.
Trog was pleased with you.
You were very hungry.

You visited 1 branch of the dungeon, and saw 3 of its levels.

You collected 121 gold pieces.

Inventory:

Hand Weapons
 a - a +0 spear (weapon)
Missiles
 g - 130 stones (quivered)
 j - 18 sling bullets
 n - 5 tomahawks
Armour
 b - a +0 animal skin (worn)
 i - a cursed +0 robe
Jewellery
 k - an uncursed amulet of the gourmand {unknown}
Wands
 l - a wand of scattershot (6)
Scrolls
 e - 3 scrolls of teleportation {unknown}
 f - a scroll of enchant weapon {unknown}
 m - 6 scrolls of remove curse {unknown}
 o - a scroll of magic mapping {unknown}
Potions
 d - 2 potions of degeneration
Comestibles
 c - 2 rations


   Skills:
 + Level 4.7 Fighting
 + Level 6.3 Polearms
 - Level 1.5 Armour
 - Level 2.8 Dodging


You had 3 spell levels left.
You didn't know any spells.
Your spell library was empty.

Dungeon Overview and Level Annotations

Branches:
Dungeon (3/15)

Altars:
Elyvilon


Message History

You miss something. Something hits you. The orc barely misses you.
You hit something.
You hear some strange, mumbled words.
A puff of frost appears from out of thin air!
The puff of frost misses you.
The orc hits you from afar with a +0 trident.
* * * LOW HITPOINT WARNING * * *
Something hits you but does no damage.
It was a potion of degeneration.
There was something very wrong with that liquid.
You feel weakened.
You feel dopey.
You feel clumsy. Something hits you but does no damage.
The orc hits you from afar with a +0 trident.
* * * LOW HITPOINT WARNING * * *
Something hits you.
* * * LOW HITPOINT WARNING * * *
It was a potion of brilliance.
You feel clever all of a sudden. Something hits you.
You die...

#####..###### #.#
######........ #.#
........###### #.#
#####...## #.##
##.....## #..##
#.......##
##$o.####.........###
#.......+.........'..
#.{@# #..[......###
#..## ##.......## #
#.## ##.....## # #.#
##...## # #)# ##+## #
###)# #.# # #...# #.#
# #.### #####.#### #
####.## #........####


You could see an orc.

Vanquished Creatures
  2 adders
  3 worms (D:3)
  3 dart slugs (D:1)
  3 leopard geckos
  2 orcs (D:3)
  A ball python (D:2)
  4 giant cockroaches
  7 goblins
  8 hobgoblins
  4 jackals
  4 kobolds
  2 quokkas (D:3)
  10 bats
  4 frilled lizards
  10 rats
67 creatures vanquished.

Notes
Turn   | Place    | Note
-------+----------+-------------------------------------------
     0 | D:1      | misha the Merfolk Berserker began the quest for the Orb.
     0 | D:1      | Reached XP level 1. HP: 18/18 MP: 1/1
    97 | D:1      | Reached XP level 2. HP: 24/24 MP: 2/2
   128 | D:1      | Reached skill level 5 in Polearms
   300 | D:1      | Reached XP level 3. HP: 30/30 MP: 3/3
  1148 | D:2      | Reached ** piety under Trog
  2484 | D:2      | Reached XP level 4. HP: 36/38 MP: 4/4
  2814 | D:3      | Reached skill level 6 in Polearms
  3250 | D:3      | Found a white marble altar of Elyvilon.
  3552 | D:3      | HP: 1/38 [something (3)]
  3553 | D:3      | Slain by an orc wizard

Skill      XL: |  1  2  3  4 |
---------------+-------------+-----
Polearms       | 5 6 |  6.3
Fighting       | 4 |  4.7
Armour         | |  1.5
Dodging        | |  2.8

Action                   |  1- 3 |  4- 6 || total
-------------------------+-------+-------++-------
Melee: Spear             |   139 |    87 ||   226
Invok: Berserk           |       |     1 ||     1
  Use: Potion            |       |     2 ||     2
 Stab: Sleeping          |     3 |     1 ||     4
  Eat: Chunk             |     4 |     4 ||     8
Armor: Animal skin       |    18 |     8 ||    26
Dodge: Dodged            |    66 |    32 ||    98
